 Dungeon Crawl Stone Soup version 0.31-a0-441-g867994ef1c (webtiles) character file.

Game seed: 16973434074827583413

525465 RepHenryClay the Slayer (level 25, -15/176 HPs)
             Began as a Gargoyle Delver on Aug 2, 2023.
             Was the Champion of Okawaru.
             Killed by divine providence
             ... invoked by a deep elf high priest
              (17 damage)
             ... on level 3 of the Elven Halls on Aug 3, 2023.
             The game lasted 02:06:50 (50080 turns).

RepHenryClay the Slayer (Gargoyle Delver)          Turns: 50080, Time: 02:06:51

Health: -15/176    AC: 69    Str: 31    XL:     25   Next: 44%
Magic:  0/34       EV: 21    Int: 17    God:    Okawaru [******]
Gold:   5274       SH: 33    Dex: 19    Spells: 24/24 levels left

rFire   + + .        a - +9 eveningstar (vamp)
rCold   + + .        X - +7 tower shield of the Enchanted Forest {Int+2}
rNeg    + + .        U - +13 plate armour of Resourcefulness {rC+ Dex+4}
rPois   ∞            D - +1 helmet "Kejeoh" {Str+2 Int+3 Stlth+}
rElec   +            E - scarf {rC+ rF+}
rCorr   .            i - +2 pair of gloves {Str+3}
SInv    .            s - +1 pair of boots {Stlth+}
Will    ++...        N - amulet of Yendor {Spirit rN+ Regen+ Slay+3 Stlth+}
Stlth   +++          v - ring of protection from fire
HPRegen 1.29/turn    I - ring "Nuvossus" {Will+ AC+4 Str+3}
MPRegen 0.24/turn

%: guardian spirit
@: about to teleport, heroic, flying, studying 2 skills
A: sickness immunity, AC +19, big wings, negative energy resistance 1,
electricity resistance, torment resistance 1, petrification resistance
}: 3/15 runes: decaying, silver, gossamer
a: Renounce Religion, Heroism, Finesse, Duel


You were on level 3 of the Elven Halls.
You worshipped Okawaru.
Okawaru was exalted by your worship.
You visited 9 branches of the dungeon, and saw 43 of its levels.
You visited the Abyss 1 time.
You visited 3 bazaars.
You also visited: Gauntlet and Volcano.

You collected 7323 gold pieces.
You spent 2049 gold pieces at shops.

Inventory:

Hand Weapons
 a - a +9 vampiric eveningstar (weapon)
 b - the +5 demon whip "Spellbinder" {antimagic, disrupt, Will+}
   (You acquired it on level 10 of the Dungeon)

   Will:      It increases your willpower.
 y - a +3 sacred scourge of holy wrath
Missiles
 h - 22 javelins
 p - 3 darts of dispersal
 w - 2 throwing nets
 V - 27 poisoned darts (quivered)
 W - 6 silver javelins
 Z - 2 curare-tipped darts
Armour
 i - a +2 pair of gloves of strength (worn)
 s - a +1 pair of boots of stealth (worn)
 A - the +18 Lear's hauberk
   (Okawaru gifted it to you on level 4 of the Depths)
 D - the +1 helmet "Kejeoh" (worn) {Str+2 Int+3 Stlth+}
   (You found it in a Gauntlet)

   Str:       It affects your strength (+2).
   Int:       It affects your intelligence (+3).
   Stlth:     It makes you more stealthy.
 E - a scarf of resistance (worn)
 T - the +3 hat of Pondering {ponderous, Will+ MP+10 Int+5}
   (You found it on level 10 of the Dungeon)

   Int:       It affects your intelligence (+5).
   MP:        It affects your magic capacity (+10).
   Will:      It increases your willpower.
 U - the +13 plate armour of Resourcefulness (worn) {rC+ Dex+4}
   (You found it on level 4 of the Spider Nest)

   Dex:       It affects your dexterity (+4).
   rC:        It protects you from cold.
 X - the +7 tower shield of the Enchanted Forest (worn) {Int+2}
   (Okawaru gifted it to you on level 11 of the Dungeon)

   Int:       It affects your intelligence (+2).
Jewellery
 v - a ring of protection from fire (left hand)
 B - the necklace of Bloodlust {Fury *Rage Will++ Int-3 Slay+6}
   (You took it off a black draconian on level 4 of the Depths)

   [amulet of nothing]

   Fury:      It extends the wearer's berserk rage when killing foes.
   Int:       It affects your intelligence (-3).
   Slay:      It affects your accuracy & damage with ranged weapons and melee
   (+6).
   *Rage:     It berserks you when you make melee attacks (+50% chance).
   Will:      It greatly increases your willpower.
 I - the ring "Nuvossus" (right hand) {Will+ AC+4 Str+3}
   (You found it in a Gauntlet)

   [ring of protection]

   AC:        It affects your AC (+4).
   Str:       It affects your strength (+3).
   Will:      It increases your willpower.
 N - the amulet of Yendor (around neck) {Spirit rN+ Regen+ Slay+3 Stlth+}
   (You found it on level 11 of the Dungeon)

   [amulet of guardian spirit]

   It causes incoming damage to be divided between your reserves of health and
   magic.
   Slay:      It affects your accuracy & damage with ranged weapons and melee
   (+3).
   rN:        It protects you from negative energy.
   Regen:     It increases your rate of health regeneration.
   Stlth:     It makes you more stealthy.
 S - a ring of the Octopus King {rCorr HP+2 AC+2 EV+2 SH+2}
   (You took it off a vault sentinel on level 5 of the Vaults)

   [ring of resist corrosion]

   AC:        It affects your AC (+2).
   EV:        It affects your evasion (+2).
   HP:        It affects your health (+2).
   rCorr:     It protects you from acid and corrosion.
   SH:        It affects your SH (+2).
Wands
 g - a wand of digging (12)
 k - a wand of mindburst (22)
 J - a wand of paralysis (24)
 K - a wand of roots (48)
 Y - a wand of light (11)
Scrolls
 c - 8 scrolls of fog
 d - a scroll of revelation
 e - 18 scrolls of fear
 t - a scroll of brand weapon
 x - 6 scrolls of blinking
 z - 7 scrolls of immolation
 F - 21 scrolls of identify {@r1}
 G - 5 scrolls of enchant armour
 M - 14 scrolls of teleportation
 O - 4 scrolls of enchant weapon
 R - 2 scrolls of butterflies
Potions
 f - 8 potions of mutation
 j - 5 potions of berserk rage
 l - 23 potions of curing
 m - 2 potions of invisibility
 n - 5 potions of resistance
 o - 11 potions of enlightenment
 q - a potion of cancellation
 r - 4 potions of ambrosia
 u - 7 potions of haste {!*}
 C - a potion of magic
 H - 12 potions of heal wounds
 L - 5 potions of might
Miscellaneous
 P - a lightning rod (4/4)


   Skills:
 + Level 23.1(27) Fighting
 - Level 16.0(21.0) Maces & Flails
 - Level 9.4(14.4) Throwing
 - Level 22.0(27) Armour
 - Level 15.0(20.0) Dodging
 - Level 5.4(10.4) Stealth
 - Level 22.0(27) Shields
 - Level 15.0 Invocations


You had 24 spell levels left.
You didn't know any spells.
Your spell library contained the following spells:

 Spells                   Type           Power      Damage    Failure   Level
 Apportation              Tloc           0%         N/A       52%         1
 Foxfire                  Conj/Fire      0%         2x1d4     52%         1
 Freeze                   Ice            0%         1d3       52%         1
 Kiss of Death            Conj/Necr      0%         2d5       52%         1
 Magic Dart               Conj           0%         1d3       52%         1
 Necrotise                Necr           0%         1d4       52%         1
 Sandblast                Erth           0%         2d4       52%         1
 Shock                    Conj/Air       0%         1d3       52%         1
 Ensorcelled Hibernation  Hex/Ice        0%         N/A       67%         2
 Passwall                 Tmut/Erth      0%         N/A       67%         2
 Poisonous Vapours        Pois/Air       0%         N/A       67%         2
 Scorch                   Fire           0%         2d5       67%         2
 Static Discharge         Conj/Air       0%         2-2/arc   67%         2
 Wereblood                Tmut           0%         N/A       67%         2
 Dazzling Flash           Conj/Hex       0%         N/A       88%         3
 Frozen Ramparts          Ice            0%         1d1       88%         3
 Hailstorm                Conj/Ice       0%         3d3       88%         3
 Ignite Poison            Fire/Tmut/Pois 0%         N/A       88%         3
 Mephitic Cloud           Conj/Pois/Air  0%         N/A       88%         3
 Portal Projectile        Hex/Tloc       0%         N/A       88%         3
 Stone Arrow              Conj/Erth      0%         3d7       88%         3
 Swiftness                Air            0%         N/A       88%         3
 Vampiric Draining        Necr           0%         2d6       88%         3
 Vhi's Electric Charge    Tloc/Air       0%         N/A       88%         3
 Volatile Blastmotes      Fire/Tloc      0%         2d10      88%         3
 Airstrike                Air            0%         2d(0-16)  99%         4
 Cause Fear               Hex            0%         N/A       99%         4
 Dispel Undead            Necr           0%         3d6       99%         4
 Flame Wave               Conj/Fire      0%         2d4       99%         4
 Fulminant Prism          Conj/Hex       0%         3d5       99%         4
 Iskenderun's Mystic Bla  Conj/Tloc      0%         2d3       99%         4
 Manifold Assault         Tloc           0%         N/A       99%         4
 Passage of Golubria      Tloc           0%         N/A       99%         4
 Petrify                  Tmut/Erth      0%         N/A       99%         4
 Sticky Flame             Conj/Fire      0%         2d3       99%         4
 Agony                    Necr           0%         N/A       100%        5
 Alistair's Intoxication  Tmut/Pois      0%         N/A       100%        5
 Arcjolt                  Conj/Air       0%         1d10      100%        5
 Borgnjor's Vile Clutch   Necr/Erth      0%         N/A       100%        5
 Fireball                 Conj/Fire      0%         3d3       100%        5
 Freezing Cloud           Conj/Ice/Air   0%         6-21      100%        5
 Irradiate                Conj/Tmut      0%         3d11      100%        5
 Lee's Rapid Deconstruct  Erth           0%         3d4*      100%        5
 Metabolic Englaciation   Hex/Ice        0%         N/A       100%        5
 Silence                  Hex/Air        0%         N/A       100%        5
 Yara's Violent Unravell  Hex/Tmut       0%         3d3       100%        5
 Conjure Ball Lightning   Conj/Air       0%         3x3d6     100%        6
 Dispersal                Tloc           0%         N/A       100%        6
 Eringya's Noxious Bog    Tmut/Pois      0%         4d6       100%        6
 Plasma Beam              Fire/Air       0%         2x1d10    100%        6
 Starburst                Conj/Fire      0%         6d3       100%        6
 Borgnjor's Revivificati  Necr           0%         N/A       100%        8
 Disjunction              Tloc           0%         N/A       100%        8
 Ignition                 Fire           0%         3d3       100%        8
 Maxwell's Capacitive Co  Air            0%         ∞         100%        8
 Fire Storm               Conj/Fire      0%         5d1       100%        9
 Call Imp                 Summ           Unusable   N/A       N/A         2
 Cigotuvi's Dreadful Rot  Necr/Pois/Air  Unusable   N/A       N/A         2
 Sublimation of Blood     Necr           Unusable   N/A       N/A         2
 Tukima's Dance           Hex            Unusable   N/A       N/A         3
 Animate Armour           Summ/Erth      Unusable   N/A       N/A         4
 Animate Dead             Necr           Unusable   N/A       N/A         4
 Summon Lightning Spire   Summ/Air       Unusable   N/A       N/A         4
 Summon Forest            Summ/Tloc      Unusable   N/A       N/A         5
 Death Channel            Necr           Unusable   N/A       N/A         6
 Summon Cactus Giant      Summ           Unusable   N/A       N/A         6
 Summon Hydra             Summ           Unusable   N/A       N/A         7
 Dragon's Call            Summ           Unusable   N/A       N/A         9

Dungeon Overview and Level Annotations

Branches:
Dungeon (15/15)            Temple (1/1) D:5            Lair (5/5) D:11
  Swamp (4/4) Lair:3       Spider (4/4) Lair:2        Slime (0/5) Lair:4
    Orc (2/2) D:12            Elf (3/3) Orc:2        Vaults (5/5) D:14
  Crypt (0/3) Vaults:2     Depths (4/4) D:15            Zot (0/5) Depths:4
Volcano (visited)         Gauntlet (visited)

Altars:
Ashenzari
Cheibriados
Dithmenos
Elyvilon
Fedhas
Gozag
Hepliaklqana
Kikubaaqudgha
Makhleb
Nemelex Xobeh
Okawaru
Qazlal
Ru
Sif Muna
Trog
Uskayaw
Vehumet
Wu Jian
Xom
Yredelemnul
Zin
The Shining One
Jiyva
Lugonu

Shops:
D:12 (   D:14 :   Orc:2 ?*[[[   Vaults:3 *[   Depths:1 =

Portals:
Hell: Depths:1 Depths:2 Depths:3 Depths:4
Abyss: Lair:5 Depths:2 Depths:3 Depths:4
Pandemonium: Depths:2 Depths:4
Ziggurat: Depths:3
Trove: D:13 (give 8 potions of haste)

Annotations:
Lair:4 1 runed translucent door
Swamp:3 2 transporters, abessonov's ghost, adept MfSh
Elf:2 6 runed translucent doors, Piot's ghost, adept DsFi


Innate Abilities, Weirdness & Mutations

You are immune to sickness and miasma.
Your stone body is resilient. (AC +19)
You are immune to poison.
Your large and strong wings let you fly.
You resist negative energy. (rN+)
You are resistant to electric shocks. (rElec)
You are resistant to unholy torment.
You are immune to petrification.


Message History

* * * LOW HITPOINT WARNING * * *
The deep elf high priest invokes the aid of its god against you.
Something smites you!
* * * LOW HITPOINT WARNING * * *
The deep elf demonologist mumbles some strange words.
The smoke demon gestures at you.
The ball of steam hits you but does no damage.
Huge Dmg: -14%(-25hp) hp: 29%(50hp)
You closely miss the deep elf high priest.
The deep elf high priest is almost dead.
Your surroundings seem slightly different.
The deep elf elementalist gestures at you while chanting.
You shatter!!
* * * LOW HITPOINT WARNING * * *
You hear a shout! x2
Huge Dmg: -15%(-26hp) hp: 14%(24hp)
As you read the scroll of teleportation, it crumbles to dust.
You feel strangely unstable.
The deep elf demonologist mumbles some strange words.
The deep elf pyromancer gestures at you while chanting.
The bolt of fire hits you! You resist.
* * * LOW HITPOINT WARNING * * *
The deep elf demonologist gestures wildly while chanting.
Huge Dmg: -4%(-7hp) hp: 10%(17hp)
You feel much better.
The deep elf elementalist points at you and mumbles some strange words.
You shatter!!
* * * LOW HITPOINT WARNING * * *
The blast of rock fragments hits the fire elemental!!!
The fire elemental is destroyed!
The fire elemental disappears in a puff of smoke!
The smoke demon gestures at you. The ball of steam hits you. You resist.
* * * LOW HITPOINT WARNING * * *
The deep elf annihilator gestures wildly while chanting.
The deep elf annihilator blinks!
The deep elf demonologist mumbles some strange words.
The deep elf high priest mumbles some strange prayers to its god against you.
Something smites you!
You die...

##############e###############...#.
.........# #...#. ...3..... #...#.
.eee.... ## #...'. ###e.##.#. ..#
#...#. ###.§e...# .... #.).#.
#.e4ee.1##..# #...#.
#....1ee.2..### #+###.
.........3§§@§§..# #.
.............§...... #.
..............○..... +.
........e#.....○.... #.
........###...e..... #. ......###
##........ .##...... . ......


You could see a Tzitzimitl (summoned), a deep elf blademaster, a Brimstone Fiend
(summoned), a deep elf master archer, a deep elf annihilator (empowered), a deep
elf death mage (empowered), a blizzard demon (summoned), 2 deep elf sorcerers, a
deep elf elementalist (fast, empowered, repels missiles), 2 deep elf
demonologists, an orange demon (summoned), 2 deep elf high priests, a deep elf
pyromancer (empowered) and a neqoxec (summoned).

Vanquished Creatures
  A dread lich (Vaults:5)
  An ancient lich (Vaults:5)
  Mennas (Depths:3)
  Mara (Vaults:5)
  A juggernaut (Depths:3)
  Sojobo (Vaults:3)
  Margery (Vaults:2)
  the Lernaean hydra (Swamp:4)
  Saint Roka (Vaults:3)
  4 caustic shrikes (Depths:4)
  6 golden dragons
  A bone dragon (Depths:3)
  Arachne (Spider:1)
  10 tentacled monstrosities
  Mlioglotl (Spider:2)
  3 quicksilver dragons
  4 liches
  Asterion (Vaults:2)
  A walking frostbound tome (Depths:3)
  6 titans (Vaults:5)
  A deep elf master archer (Elf:3)
  8 sphinxes
  Agnes (Spider:2)
  5 shadow dragons
  6 storm dragons
  7 tengu reavers
  6 frost giants
  A draconian knight (Depths:4)
  14 fire giants
  3 draconian monks (Depths:4)
  3 ghost moths (Spider:4)
  4 iron dragons
  5 emperor scorpions (Spider:4)
  A deep elf sorcerer (Vaults:5)
  A ghost moth (shapeshifter) (D:14)
  31 vault wardens
  3 spriggan defenders (Depths:3)
  2 deep elf elementalists
  2 curse skulls (Vaults:2)
  5 draconian annihilators (Depths:4)
  26 very ugly things
  An orc warlord (Vaults:4)
  26 ironbound preservers
  14 stone giants
  6 war gargoyles
  3 broodmothers
  A quicksilver ooze (shapeshifter) (Vaults:5)
  A formless jellyfish (Vaults:1)
  3 deep elf demonologists
  6 ironbound thunderhulks
  A stone giant (shapeshifter) (Vaults:3)
  An eleionoma (Swamp:2)
  5 green draconians (Depths:4)
  2 vampire knights
  4 black draconians (Depths:4)
  3 dire elephants (Vaults:3)
  2 bunyips (Swamp:3)
  4 red draconians
  A minotaur (Gauntlet)
  5 purple draconians (Depths:4)
  7 spark wasps
  6 white draconians (Depths:4)
  A minotaur (shapeshifter) (Vaults:4)
  A deep elf annihilator (Elf:1)
  Snorg (D:11)
  4 deep elf death magi
  2 green deaths
  A crystal guardian (Vaults:2)
  12 ettins
  Josephine (D:12)
  A blizzard demon (Depths:3)
  The ghost of rocky1 the Impaler, a journeyman MfGl of Okawaru (Lair:2)
  4 deep elf high priests
  15 yaktaur captains
  15 fire dragons
  2 entropy weavers
  A rakshasa (Depths:2)
  3 great orbs of eyes
  A shambling mangrove (Swamp:3)
  The ghost of Jiolyugh the Geomancer, a journeyman GrEE of Qazlal (D:14)
  43 vault guards
  A hell beast (Depths:3)
  17 hydras
  9 spriggan air magi
  9 ice dragons
  2 death knights
  4 ogre magi
  4 peacekeepers
  7 ironbound frosthearts
  11 alligators
  A ghost crab (Swamp:2)
  A jorogumo (shapeshifter) (Depths:3)
  The ghost of Vuteokibb the Grappler, a novice TrMo of Wu Jian (Lair:1)
  18 centaur warriors
  9 dancing weapons (Elf:2)
  12 death yaks
  5 boulder beetles
  7 two-headed ogres
  3 tengu warriors
  A death scarab (Spider:2)
  13 deep troll shamans
  A hell hog (Depths:3)
  3 thrashing horrors
  The ghost of drugrobin the Cleaver, a novice DgDe (D:8)
  9 deep troll earth magi
  2 vampire magi
  4 spriggan berserkers
  9 deep elf knights
  An orc high priest (Elf:3)
  13 hell knights
  3 demonic crawlers
  A sun demon (Depths:4)
  Nergalle (D:12)
  4 soul eaters
  8 iron trolls
  5 sixfirhies
  A fire crab (D:15)
  3 pharaoh ants
  A skyshark (Lair:5)
  A salamander mystic (Depths:2)
  Lodul (D:11)
  A deep troll (shapeshifter) (Vaults:5)
  9 skeletal warriors (D:14)
  A death drake (Depths:4)
  A shadow wraith (Vaults:5)
  3 spriggan druids
  73 deep trolls
  11 orb spiders
  2 sun moths
  6 goliath frogs
  14 swamp dragons
  3 phantasmal warriors
  16 bog bodies
  4 flayed ghosts
  4 deep elf archers
  11 lindwurms
  16 ironbound convokers
  2 glowing orange brains
  10 steelbarb worms
  14 orc knights
  8 necromancers
  5 orc sorcerers
  34 ugly things
  7 wizards
  16 deep elf zephyrmancers
  A mana viper (shapeshifter) (Vaults:5)
  A tengu zombie (Depths:1)
  16 deep elf pyromancers
  A fire giant zombie (Depths:1)
  A manticore (shapeshifter) (Lair:5)
  6 manticores
  17 wolf spiders
  12 cyclopes
  8 will-o-the-wisps
  4 salamanders
  A fire giant skeleton (Depths:1)
  An ice statue (Elf:2)
  2 moths of wrath
  3 black mambas
  2 smoke demons
  3 orange demons
  15 vault sentinels
  7 gargoyles
  2 rust devils (D:15)
  3 molten gargoyles (Volcano)
  An elf zombie (Vaults:1)
  A cane toad (shapeshifter) (Lair:5)
  7 torpor snails
  13 cane toads
  2 efreet
  4 rime drakes
  Psyche (D:9)
  5 kobold demonologists
  8 komodo dragons
  A tormentor (Depths:4)
  6 unseen horrors
  30 yaktaurs
  7 freezing wraiths
  An ice devil (Depths:2)
  A yaktaur skeleton (Vaults:1)
  7 tengu conjurers
  A troll (shapeshifter) (D:14)
  2 red devils
  14 hornets
  A spriggan skeleton (Depths:1)
  6 trolls
  A polar bear (Lair:2)
  3 meliai (Spider:2)
  2 hellwings
  18 tarantellas
  27 blink frogs
  A blink frog (shapeshifter) (Vaults:5)
  9 tyrant leeches
  4 raiju (Lair:5)
  11 dream sheep
  2 vampires
  25 jumping spiders
  3 air elementals
  9 spriggans
  10 slime creatures
  9 wraiths
  A ynoxinul (Lair:5)
  3 shadows
  2 fire elementals
  7 water elementals
  53 yaks
  35 culicivoras
  A hog (shapeshifter) (Vaults:5)
  A neqoxec (D:15)
  4 chaos spawn
  2 humans (D:14)
  7 basilisks
  2 wyverns
  7 vampire mosquitoes
  Grum (D:8)
  A steam dragon (D:6)
  62 redbacks
  Edmund (D:6)
  A glowing shapeshifter zombie (Depths:1)
  15 swamp worms
  5 wargs
  A floating eye (Depths:2)
  2 acid dragons
  16 water moccasins
  38 orc warriors
  8 small abominations
  9 swamp drakes
  4 black bears
  An ice beast (D:5)
  An ogre (shapeshifter) (Vaults:5)
  2 sky beasts
  5 boggarts
  10 ogres
  8 wolves
  A human skeleton (Vaults:1)
  24 centaurs
  4 kobold brigands
  2 elf simulacra (Vaults:1)
  11 bullfrogs
  An earth elemental (Elf:2)
  A gnoll sergeant (D:12)
  4 scorpions
  A cane toad simulacrum (Gauntlet)
  8 wights
  11 killer bees
  2 howler monkeys
  3 electric eels (Elf:3)
  4 jellies
  3 hounds
  12 orc priests
  2 gnoll boudas
  8 hell rats
  2 iguanas (D:5)
  33 orc wizards
  3 centaur simulacra
  27 gnolls
  11 adders
  2 shadow imps
  A white imp (D:6)
  4 worms
  4 dart slugs
  94 orcs
  9 ball pythons
  4 bats
  11 endoplasms
  4 giant cockroaches
  6 goblins
  3 hobgoblins
  9 jackals
  4 quokkas
  6 frilled lizards
  14 kobolds
  4 rats
1904 creatures vanquished.

Vanquished Creatures (others)
  A deep elf knight (Elf:2)
  2 wizards
  An orc knight (D:11)
  A deep elf zephyrmancer (Elf:2)
  An elephant (shapeshifter) (D:11)
  A culicivora (Spider:2)
  A centaur (Orc:2)
  44 foxfires
52 creatures vanquished.

Grand Total: 1956 creatures vanquished

Notes
Turn   | Place    | Note
-------+----------+-------------------------------------------
     0 | D:5      | RepHenryClay the Gargoyle Delver began the quest for the
                  | Orb.
     0 | D:5      | Reached XP level 1. HP: 14/14 MP: 1/1
     9 | D:5      | Found a staircase to the Ecumenical Temple.
    30 | Temple   | Entered the Ecumenical Temple
    51 | Temple   | Became a worshipper of Warmaster Okawaru
   132 | D:5      | Noticed a wight
   137 | D:5      | Noticed a wight
   196 | D:3      | Reached XP level 2. HP: 19/19 MP: 2/2
   363 | D:3      | Reached XP level 3. HP: 9/23 MP: 3/3
   455 | D:2      | Reached XP level 4. HP: 21/28 MP: 4/4
  1984 | D:2      | Reached XP level 5. HP: 32/32 MP: 5/5
  2050 | D:2      | Reached skill level 1 in Armour
  2458 | D:3      | Reached skill level 5 in Maces & Flails
  2589 | D:3      | Reached skill level 1 in Shields
  2610 | D:3      | Reached * piety under Okawaru
  3066 | D:4      | Reached XP level 6. HP: 37/37 MP: 6/6
  3283 | D:4      | Reached skill level 1 in Invocations
  3703 | D:4      | Found an ancient bone altar of Kikubaaqudgha.
  3812 | D:4      | Reached XP level 7. HP: 18/41 MP: 7/10
  3925 | D:4      | HP: 2/41 [orc priest/divine providence (11)]
  4318 | D:5      | Reached skill level 5 in Invocations
  4589 | D:5      | Reached XP level 8. HP: 34/48 MP: 11/11
  5009 | D:5      | Reached skill level 4 in Fighting
  5314 | D:5      | Found a glowing silver altar of Zin.
  5464 | D:6      | Reached ** piety under Okawaru
  5862 | D:6      | Reached skill level 5 in Fighting
  5862 | D:6      | Reached XP level 9. HP: 44/54 MP: 12/12
  6036 | D:6      | Noticed Edmund
  6064 | D:6      | Killed Edmund
  6100 | D:6      | Reached *** piety under Okawaru
  6111 | D:6      | Reached skill level 5 in Armour
  6357 | D:7      | Found a sparkling altar of Nemelex Xobeh.
  6378 | D:7      | Reached skill level 5 in Shields
  6450 | D:7      | Found a hide-covered altar of Uskayaw.
  7172 | D:7      | Reached skill level 6 in Fighting
  7236 | D:7      | Found a snail-covered altar of Cheibriados.
  7537 | D:8      | Identified the +2 rapier of Context {holy, rCorr Str+3
                  | Int-2 Dex+5}
  7734 | D:8      | Noticed Grum
  7757 | D:8      | Killed Grum
  7786 | D:8      | Reached XP level 10. HP: 55/61 MP: 13/13
  7985 | D:8      | Reached **** piety under Okawaru
  8225 | D:8      | Found a runed translucent door.
  8226 | D:8      | Noticed drugrobin's ghost (novice DgDe)
  8932 | D:9      | Noticed Psyche
  8943 | D:9      | Killed Psyche
  9075 | D:9      | Reached skill level 7 in Fighting
  9724 | D:9      | Found a shimmering blue altar of Sif Muna.
  9847 | D:10     | Entered Level 10 of the Dungeon
  9848 | D:10     | Noticed a kobold demonologist
  9979 | D:10     | Killed a kobold demonologist
  9980 | D:10     | Reached skill level 10 in Maces & Flails
 10025 | D:10     | Killed an unseen horror
 10240 | D:10     | Noticed a two-headed ogre
 10270 | D:10     | Noticed a two-headed ogre
 10278 | D:10     | Killed a two-headed ogre
 10278 | D:10     | Reached ***** piety under Okawaru
 10433 | D:10     | Identified a scroll of acquirement
 10436 | D:10     | Acquired the +5 demon whip "Spellbinder" {antimagic,
                  | disrupt, Will+}
 10436 | D:10     | Found the +5 demon whip "Spellbinder" {antimagic, disrupt,
                  | Will+}
 10531 | D:10     | Reached XP level 11. HP: 51/68 MP: 4/14
 10819 | D:10     | Noticed a wolf spider
 10819 | D:10     | Found the +3 hat of Pondering {ponderous, Will+ MP+10
                  | Int+5}
 10820 | D:10     | Noticed a flayed ghost
 10833 | D:10     | Killed a wolf spider
 10847 | D:10     | Killed a flayed ghost
 10978 | D:10     | Killed a two-headed ogre
 10979 | D:10     | Reached skill level 8 in Fighting
 11391 | D:11     | Noticed a boulder beetle
 11409 | D:11     | Killed a boulder beetle
 11410 | D:11     | Reached skill level 1 in Throwing
 11432 | D:11     | Found a staircase to the Lair.
 11436 | D:11     | Noticed a manticore
 11462 | D:11     | Identified the +7 tower shield of the Enchanted Forest
                  | {Int+2} (Okawaru gifted it to you on level 11 of the
                  | Dungeon)
 11462 | D:11     | Received a gift from Okawaru
 11479 | D:11     | Killed a manticore
 11573 | D:11     | Found a transporter.
 11684 | D:11     | Noticed an orc knight
 11686 | D:11     | Noticed an ogre mage
 11687 | D:11     | Noticed a deep elf zephyrmancer
 11687 | D:11     | Noticed a yaktaur captain
 11695 | D:11     | Found a transporter.
 11717 | D:11     | Noticed Lodul
 11735 | D:11     | Killed Lodul
 11752 | D:11     | Reached skill level 9 in Fighting
 11789 | D:11     | Reached XP level 12. HP: 55/76 MP: 5/15
 11902 | D:11     | Noticed a two-headed ogre
 11921 | D:11     | Killed a two-headed ogre
 12071 | D:11     | Noticed a two-headed ogre
 12078 | D:11     | Killed a two-headed ogre
 12160 | D:11     | Found an iron altar of Okawaru.
 12260 | D:11     | Reached ****** piety under Okawaru
 12394 | D:11     | Noticed a centaur warrior
 12410 | D:11     | Killed a centaur warrior
 12777 | D:12     | Received a gift from Okawaru
 12778 | D:12     | Reached skill level 10 in Fighting
 12877 | D:12     | Noticed Snorg
 12881 | D:12     | Reached skill level 5 in Throwing
 12919 | D:11     | Killed Snorg
 12983 | D:12     | Found Uschitat's Weapon Shoppe.
 13019 | D:12     | Reached skill level 10 in Armour
 13076 | D:12     | Noticed Josephine
 13093 | D:12     | Killed Josephine
 13213 | D:12     | Noticed Nergalle
 13224 | D:12     | Killed Nergalle
 13263 | D:12     | Found a staircase to the Orcish Mines.
 13267 | D:12     | Received a gift from Okawaru
 13451 | D:12     | Noticed a two-headed ogre
 13469 | D:12     | Killed a two-headed ogre
 13470 | D:12     | Reached skill level 10 in Shields
 13470 | D:12     | Reached XP level 13. HP: 77/83 MP: 5/16
 13686 | D:12     | Found a snail-covered altar of Cheibriados.
 13690 | D:12     | Found Cheibriados's Comfort Zone.
 13773 | Orc:1    | Entered Level 1 of the Orcish Mines
 14056 | Orc:2    | Entered Level 2 of the Orcish Mines
 14088 | Orc:2    | Reached skill level 11 in Fighting
 14946 | Orc:2    | Found Vujottur's General Store.
 14946 | Orc:2    | Found Soilaomm's Antique Armour Boutique.
 14948 | Orc:2    | Found Liytwer's Armour Shop.
 14950 | Orc:2    | Found Tioqi's Magic Scroll Emporium.
 15055 | Orc:2    | Received a gift from Okawaru
 15414 | Orc:2    | Bought a scroll of teleportation for 36 gold pieces
 15414 | Orc:2    | Bought a scroll of fog for 48 gold pieces
 15414 | Orc:2    | Bought a scroll of fear for 48 gold pieces
 15417 | Orc:2    | Bought a dazzling helmet for 323 gold pieces
 15417 | Orc:2    | Identified the +1 helmet of Reason {Int+5} (You bought it
                  | in a shop on level 2 of the Orcish Mines)
 15432 | Orc:2    | Bought a +0 pair of gloves of strength for 149 gold pieces
 15541 | Orc:2    | Found a staircase to the Elven Halls.
 15615 | Orc:2    | Found Joefesei's Armour Emporium.
 15859 | Lair:1   | Entered Level 1 of the Lair of Beasts
 16020 | Lair:1   | Received a gift from Okawaru
 16194 | Lair:1   | Received a gift from Okawaru
 16194 | Lair:1   | Found the +7 lajatang of Order {silver, rMut}
 16211 | Lair:1   | Found a transporter.
 16253 | Lair:1   | Noticed Vuteokibb's ghost (novice TrMo)
 16256 | Lair:1   | Found a transporter.
 16437 | Lair:1   | Reached skill level 12 in Fighting
 17034 | Lair:2   | Found a hole to the Spider Nest.
 17055 | Lair:2   | Gained mutation: Your large and strong wings let you fly.
                  | [Gargoyle growth]
 17055 | Lair:2   | Reached XP level 14. HP: 91/92 MP: 5/17
 17143 | Lair:2   | Found a runed translucent gate.
 17144 | Lair:2   | Found a runed translucent gate.
 17145 | Lair:2   | Found a runed translucent gate.
 17152 | Lair:2   | Noticed rocky1's ghost (journeyman MfGl)
 17229 | Lair:1   | Received a gift from Okawaru
 17398 | Lair:2   | Identified the +8 plate armour "Cecraaroe" {-Tele rC++
                  | Dex+5}
 17866 | Lair:2   | Killed rocky1's ghost
 17989 | Lair:3   | Found a dark tunnel.
 17994 | Volcano  | Entered a volcano
 18206 | Volcano  | Noticed a red draconian
 18224 | Volcano  | Killed a red draconian
 18399 | Volcano  | Noticed an orb of fire
 18410 | Volcano  | Identified the +2 robe of Hedging {Str+3 Int+6}
 18440 | Volcano  | Noticed an orb of fire
 18743 | Lair:3   | Reached skill level 13 in Fighting
 18772 | Lair:3   | Found a staircase to the Swamp.
 19028 | Lair:3   | Received a gift from Okawaru
 19473 | Lair:4   | Received a gift from Okawaru
 19522 | Lair:4   | Found a runed translucent door.
 19530 | Lair:4   | Acquired the scarf of Ygyegol {repulsion, Fly rPois Dex-3
                  | Slay+5}
 19653 | Lair:4   | Found a gate leading to a gauntlet.
 19661 | Gauntlet | Entered a Gauntlet
 19661 | Gauntlet | Found a runed translucent gate.
 19661 | Gauntlet | Found a transporter.
 19661 | Gauntlet | Found a runed translucent gate.
 19661 | Gauntlet | Found a runed translucent gate.
 19661 | Gauntlet | Found a transporter.
 19661 | Gauntlet | Found a transporter.
 19685 | Gauntlet | Found a transporter.
 19695 | Gauntlet | Found a transporter.
 19697 | Gauntlet | Found a transporter.
 19718 | Gauntlet | Found a transporter.
 19727 | Gauntlet | Found a transporter.
 19742 | Gauntlet | Found a transporter.
 19745 | Gauntlet | Found a transporter.
 19753 | Gauntlet | Found a transporter.
 19756 | Gauntlet | Found a transporter.
 19864 | Gauntlet | Identified the ring "Nuvossus" {Will+ AC+4 Str+3}
 19898 | Gauntlet | Identified the ring of Fierhic {Fire rElec rCorr SInv}
 20010 | Gauntlet | Identified the +9 war axe of an ice cave {flame, *Corrode
                  | rPois Dex+5}
 20043 | Gauntlet | Identified the +0 trident of the Hierophant {pain, Str+2}
 20043 | Gauntlet | Identified the +1 helmet "Kejeoh" {Str+2 Int+3 Stlth+}
 20043 | Gauntlet | Identified the +0 scale mail of the Hunter {rPois rC+}
 20047 | Gauntlet | Identified the +4 leather armour "Veusoeb" {rElec Will+
                  | Stlth+}
 20050 | Gauntlet | Got the Teachings on Places
 20095 | Lair:4   | Identified the +8 mace of the Bruised Blessings {antimagic,
                  | rF++ Will+ Int+2} (Okawaru gifted it to you on level 4 of
                  | the Lair of Beasts)
 20095 | Lair:4   | Received a gift from Okawaru
 20150 | Lair:4   | Found a viscous altar of Jiyva.
 20150 | Lair:4   | Found a staircase to the Slime Pits.
 20163 | Lair:4   | Reached XP level 15. HP: 99/99 MP: 6/18
 20769 | Lair:5   | Entered Level 5 of the Lair of Beasts
 20897 | Lair:5   | Reached skill level 5 in Dodging
 21158 | Lair:4   | Received a gift from Okawaru
 21197 | Lair:5   | Received a gift from Okawaru
 22199 | Lair:5   | Found a corrupted altar of Lugonu.
 22199 | Lair:5   | Found a one-way gate to the infinite horrors of the Abyss.
 22478 | D:8      | Killed drugrobin's ghost
 22700 | D:11     | Identified the amulet of Yendor {Spirit rN+ Regen+ Slay+3
                  | Stlth+}
 22865 | Lair:1   | Killed Vuteokibb's ghost
 23280 | D:13     | Received a gift from Okawaru
 23725 | D:13     | Identified the +6 scale mail "Soul" {Harm Rampage Dex+3}
                  | (Okawaru gifted it to you on level 13 of the Dungeon)
 23725 | D:13     | Received a gift from Okawaru
 23737 | D:13     | Reached XP level 16. HP: 90/104 MP: 6/23
 23797 | D:13     | Reached skill level 10 in Invocations
 23859 | D:13     | Found a portal to a secret trove of treasure.
 24013 | D:14     | Found a runed translucent gate.
 24014 | D:14     | Found a runed translucent gate.
 24016 | D:14     | Noticed Jiolyugh's ghost (journeyman GrEE)
 24018 | D:14     | Found a runed translucent gate.
 24100 | D:14     | Found Wufir's Book Shop.
 24378 | D:14     | Identified the +10 morningstar of Stained Valour {flame,
                  | rElec rPois Will++ Dex-4}
 24386 | D:14     | Found a gate to the Vaults.
 24406 | D:14     | Reached skill level 14 in Fighting
 24818 | D:15     | Entered Level 15 of the Dungeon
 24825 | D:15     | Found a staircase to the Depths.
 24871 | D:15     | Received a gift from Okawaru
 24900 | D:15     | Found a flickering gateway to a bazaar.
 24900 | D:15     | Noticed a quicksilver dragon
 24902 | D:15     | a quicksilver dragon changed into a dire elephant
 24909 | Bazaar   | Entered a bazaar
 24926 | Bazaar   | Found Jeud Mud's Antique Armour Emporium.
 24943 | Bazaar   | Found Plog's Armour Shoppe.
 24988 | Bazaar   | Found Zorphaos's Assorted Antiques.
 24995 | Bazaar   | Bought a scroll of revelation for 112 gold pieces
 25014 | Bazaar   | Found Terchousk's Assorted Antiques.
 25235 | D:15     | Received a gift from Okawaru
 25426 | D:15     | Received a gift from Okawaru
 26330 | Swamp:1  | Entered Level 1 of the Swamp
 26450 | Swamp:1  | Identified the +1 hat of Nihilism {Harm Str-5 Int+6}
                  | (Okawaru gifted it to you on level 1 of the Swamp)
 26450 | Swamp:1  | Received a gift from Okawaru
 26704 | Swamp:1  | Reached XP level 17. HP: 96/111 MP: 19/24
 27083 | Swamp:2  | Reached skill level 15 in Maces & Flails
 27723 | Swamp:3  | Noticed abessonov's ghost (adept MfSh)
 27885 | Swamp:3  | Found a transporter.
 27891 | Swamp:3  | Found a bloodstained altar of Trog.
 27902 | Swamp:3  | Found a transporter.
 28183 | Swamp:4  | Entered Level 4 of the Swamp
 28321 | Swamp:4  | Received a gift from Okawaru
 28434 | Swamp:4  | Received a gift from Okawaru
 28481 | Swamp:4  | Reached skill level 15 in Fighting
 28537 | Swamp:4  | Noticed the 27-headed Lernaean hydra
 28548 | Swamp:4  | Killed the 20-headed Lernaean hydra
 28549 | Swamp:4  | Reached skill level 15 in Armour
 28730 | Swamp:4  | Got a decaying rune of Zot
 28868 | Swamp:4  | Received a gift from Okawaru
 29009 | Spider:1 | Entered Level 1 of the Spider Nest
 29026 | Spider:1 | Reached XP level 18. HP: 119/119 MP: 25/25
 29233 | Spider:1 | Reached skill level 15 in Shields
 29975 | Spider:1 | Identified the +11 flail "Yfoakk" {freeze, Int+2}
 30136 | Spider:2 | Noticed Agnes
 30147 | Spider:2 | Killed Agnes
 30152 | Spider:2 | Noticed Arachne
 30498 | Spider:2 | Noticed Mlioglotl
 30504 | Spider:2 | Noticed a bone dragon
 30513 | Spider:2 | Killed Mlioglotl
 30514 | Spider:2 | Reached skill level 16 in Fighting
 30514 | Spider:2 | Received a gift from Okawaru
 30648 | Spider:2 | Received a gift from Okawaru
 31287 | Spider:3 | Identified the +0 trident "Goupsehuxt" {flame, rCorr Str+4
                  | Int+3}
 31892 | Spider:4 | Entered Level 4 of the Spider Nest
 32023 | Spider:4 | Identified the +13 plate armour of Resourcefulness {rC+
                  | Dex+4}
 32219 | Spider:4 | Identified the -2 pair of boots "Jeskibeu" {rElec rPois
                  | Dex+3 SInv} (Okawaru gifted it to you on level 4 of the
                  | Spider Nest)
 32219 | Spider:4 | Received a gift from Okawaru
 32755 | Spider:4 | Reached XP level 19. HP: 127/127 MP: 1/26
 32935 | Spider:4 | Reached skill level 17 in Fighting
 33351 | Spider:4 | Got a gossamer rune of Zot
 33458 | Spider:1 | Killed Arachne
 33752 | Vaults:1 | Entered Level 1 of the Vaults
 33857 | Vaults:1 | Received a gift from Okawaru
 34414 | Vaults:1 | Paralysed by a great orb of eyes for 3 turns
 34445 | Vaults:1 | Identified the +0 plate armour "Omifet" {Will+ Str+2
                  | Stlth+} (Okawaru gifted it to you on level 1 of the Vaults)
 34445 | Vaults:1 | Received a gift from Okawaru
 34890 | Vaults:2 | Reached skill level 18 in Fighting
 35319 | Vaults:2 | Noticed Margery
 35345 | Vaults:2 | Killed Margery
 35350 | Vaults:2 | Reached XP level 20. HP: 137/137 MP: 20/27
 35352 | Abyss:2  | Cast into level 2 of the Abyss (hell knight)
 35393 | Abyss:2  | Found a corrupted altar of Lugonu.
 35408 | Vaults:2 | Escaped the Abyss
 35543 | Vaults:2 | Noticed Asterion
 35562 | Vaults:2 | Killed Asterion
 35709 | Vaults:2 | Received a gift from Okawaru
 35970 | Vaults:2 | Found a staircase to the Crypt.
 36287 | Vaults:3 | Received a gift from Okawaru
 36349 | Vaults:3 | Received a gift from Okawaru
 36402 | Vaults:3 | Reached skill level 19 in Fighting
 36475 | Vaults:3 | Noticed Saint Roka
 36519 | Vaults:3 | Received a gift from Okawaru
 36581 | Vaults:3 | Killed Saint Roka
 36692 | Vaults:3 | Found Noetaap's Armour Shop.
 36766 | Vaults:3 | Noticed Sojobo
 36777 | Vaults:3 | Paralysed by a sphinx for 5 turns
 36944 | Vaults:3 | Found Pampuasu's General Store.
 36950 | Vaults:3 | Bought a scroll of teleportation for 33 gold pieces
 37048 | Vaults:3 | Received a gift from Okawaru
 37185 | Vaults:3 | Paralysed by an air elemental for 1 turns
 37193 | Vaults:3 | Paralysed by an air elemental for 1 turns
 37198 | Vaults:3 | Killed Sojobo
 37436 | Vaults:3 | Reached XP level 21. HP: 145/145 MP: 28/28
 37967 | Vaults:4 | Reached skill level 20 in Fighting
 38014 | Vaults:4 | Acquired 1098 gold pieces
 38227 | Vaults:4 | Identified the +0 robe of Ycsotej {Rampage rCorr MP+9
                  | Dex+3} (Okawaru gifted it to you on level 4 of the Vaults)
 38227 | Vaults:4 | Received a gift from Okawaru
 39482 | Vaults:5 | Entered Level 5 of the Vaults
 39622 | Vaults:5 | Received a gift from Okawaru
 39680 | Vaults:5 | Got a silver rune of Zot
 39800 | Vaults:5 | Identified the +2 troll leather armour "Peelos" {Contam
                  | Drain Regen+ Str+6 SInv} (Okawaru gifted it to you on level
                  | 5 of the Vaults)
 39800 | Vaults:5 | Received a gift from Okawaru
 39823 | Vaults:5 | Identified the +8 orcbow of Big Damage {speed, rPois Str+2
                  | Stlth+}
 39825 | Vaults:5 | Reached XP level 22. HP: 153/153 MP: 30/30
 40062 | Vaults:5 | Found the ring of the Octopus King {rCorr HP+2 AC+2 EV+2
                  | SH+2}
 40076 | Vaults:5 | Noticed Mara
 40094 | Vaults:5 | Killed Mara
 40106 | Vaults:5 | Identified the +10 mace of Superiority {freeze, rF+}
 40116 | Vaults:5 | Noticed an ancient lich
 40145 | Vaults:5 | Killed an ancient lich
 40528 | Vaults:5 | Noticed a dread lich
 40589 | Vaults:5 | Killed a dread lich
 40592 | Vaults:5 | Reached skill level 15 in Invocations
 40642 | Vaults:5 | Identified the +0 chain mail "Qufass" {Will+ Str+3 Int+6
                  | Stlth-} (Okawaru gifted it to you on level 5 of the Vaults)
 40642 | Vaults:5 | Received a gift from Okawaru
 40745 | Vaults:5 | Reached skill level 21 in Fighting
 41489 | Vaults:5 | Identified the staff "Wenaerphu" {Fly rPois rF+ Will+ Fire}
 41492 | Vaults:5 | Got Gejam's Precepts of Fever and Despair
 41541 | Vaults:5 | Identified the +6 hand axe "Omyif" {venom, rF+}
 41726 | Vaults:5 | Identified the +2 short sword of the Maze {heavy, *Rage
                  | rPois rF+}
 42050 | D:14     | Killed Jiolyugh's ghost
 42066 | D:14     | Identified the +4 long sword of False Accusations {heavy,
                  | Fly rC+ rN+ Int+3}
 42112 | Depths:1 | Entered Level 1 of the Depths
 42171 | Depths:1 | Found Tiesyun's Jewellery Boutique.
 42239 | Depths:1 | Reached XP level 23. HP: 160/160 MP: 34/34
 42367 | Depths:1 | Received a gift from Okawaru
 42621 | Depths:1 | Found a sacrificial altar of Ru.
 42725 | Depths:1 | Received a gift from Okawaru
 42793 | Depths:1 | Found a gateway to Hell.
 43172 | Depths:2 | Identified the +4 ring mail "Nets" {Rampage Drain rF+
                  | Dex+4} (Okawaru gifted it to you on level 2 of the Depths)
 43172 | Depths:2 | Received a gift from Okawaru
 43318 | Depths:2 | Found a one-way gate leading to the halls of Pandemonium.
 43469 | Depths:2 | Paralysed by a floating eye for 2 turns
 43563 | Depths:2 | Reached skill level 22 in Fighting
 43589 | Depths:2 | Noticed a golden dragon
 43625 | Depths:2 | Killed a golden dragon
 44585 | Depths:3 | Found a one-way gateway to a ziggurat.
 44801 | Depths:3 | Noticed Mennas
 44838 | Depths:3 | Killed Mennas
 44899 | Depths:3 | Received a gift from Okawaru
 44971 | Depths:3 | Reached XP level 24. HP: 168/168 MP: 11/34
 45288 | Depths:3 | Reached skill level 10 in Dodging
 45365 | Depths:3 | Found a corrupted altar of Lugonu.
 45522 | Depths:3 | Noticed a juggernaut
 45535 | Depths:3 | Killed a juggernaut
 45827 | Depths:3 | Received a gift from Okawaru
 45873 | Depths:4 | Entered Level 4 of the Depths
 46176 | Depths:4 | Noticed a caustic shrike
 46178 | Depths:4 | Noticed a caustic shrike
 46181 | Depths:4 | Noticed a caustic shrike
 46184 | Depths:4 | Noticed a caustic shrike
 46248 | Depths:4 | Identified the +0 demon trident "Huilesaf" {vamp, rElec
                  | rPois MP+9 Int-5}
 46273 | Depths:4 | Killed a caustic shrike
 46279 | Depths:4 | Killed a caustic shrike
 46290 | Depths:4 | Killed a caustic shrike
 46296 | Depths:4 | Killed a caustic shrike
 46913 | Depths:4 | Found a gate to the Realm of Zot.
 46997 | Depths:4 | Received a gift from Okawaru
 46997 | Depths:4 | Found the +18 Lear's hauberk
 47060 | Depths:4 | Reached XP level 25. HP: 112/173 MP: 18/34
 47410 | Depths:4 | Identified the +0 leather armour of the Distant Future
                  | {-Cast +Blink Fly rCorr}
 47946 | Elf:1    | Entered Level 1 of the Elven Halls
 47946 | Elf:1    | You are sucked into a shaft and drop 1 floor!
 47969 | Elf:2    | Found a runed translucent gate.
 47969 | Elf:2    | Found a runed translucent gate.
 47970 | Elf:2    | Found a runed translucent gate.
 47972 | Elf:2    | Noticed Piot's ghost (adept DsFi)
 48064 | Elf:2    | Reached skill level 15 in Dodging
 48082 | Elf:2    | Paralysed by an air elemental for 1 turns
 48087 | Elf:2    | Paralysed by an air elemental for 1 turns
 48091 | Elf:2    | Paralysed by an air elemental for 1 turns
 48133 | Elf:1    | Found a flickering gateway to a bazaar.
 48149 | Bazaar   | Entered a bazaar
 48149 | Bazaar   | Found Itsidek's Distillery.
 48149 | Bazaar   | Found Gygec's Book Emporium.
 48151 | Bazaar   | Found Ruulad's Antique Armour Shoppe.
 48167 | Bazaar   | Found Hympeat's Book Emporium.
 48185 | Bazaar   | Bought a potion of heal wounds for 65 gold pieces
 48185 | Bazaar   | Bought a potion of heal wounds for 65 gold pieces
 48193 | Bazaar   | Bought a potion of mutation for 104 gold pieces
 48193 | Bazaar   | Bought a potion of mutation for 104 gold pieces
 48197 | Bazaar   | Bought a ruby-encrusted plate armour for 784 gold pieces
 48197 | Bazaar   | Identified the +9 plate armour of Vermicelli {Stlth+} (You
                  | bought it in a shop in a bazaar)
 48949 | Elf:2    | Identified the +0 pair of gloves of the Vacuum {Int+3}
 48964 | Elf:2    | Got the Folio of Voltage
 49014 | Elf:2    | Found a runed translucent gate.
 49014 | Elf:2    | Found a runed translucent gate.
 49014 | Elf:2    | Found a runed translucent gate.
 49206 | Elf:2    | Found a gateway to a bazaar.
 49221 | Bazaar   | Entered a bazaar
 49221 | Bazaar   | Found Lycyps's General Store.
 49221 | Bazaar   | Found Fidghoage's Antique Armour Shoppe.
 49251 | Bazaar   | Found Hoihoroc's General Store.
 49257 | Bazaar   | Found Jias's Assorted Antiques.
 49260 | Bazaar   | Found Tokumod's Distillery.
 49270 | Bazaar   | Bought a potion of curing for 33 gold pieces
 49270 | Bazaar   | Bought a potion of heal wounds for 55 gold pieces
 49304 | Bazaar   | Bought a scroll of blinking for 90 gold pieces
 49476 | Elf:3    | Entered Level 3 of the Elven Halls
 49510 | Elf:3    | Paralysed by an air elemental for 1 turns
 49531 | Elf:3    | Found a shimmering blue altar of Sif Muna.
 50020 | Elf:3    | Reached skill level 23 in Fighting
 50080 | Elf:3    | HP: 6/176 [deep elf elementalist/Lee's Rapid Deconstruction
                  | (33)]
 50080 | Elf:3    | HP: 2/176 [something/ball of steam[a deep elf demonologist]
                  | (4)]
 50080 | Elf:3    | Killed from afar by a deep elf high priest

Illustrated notes

Levels and vault maps discovered:
D:1:      spicycebolla_arrival_clurvy, layout_basic
D:2:      layout_basic, minmay_increasing_density
D:3:      layout_rooms, grunt_ministairs_15, kennysheep_minor_cross,
          chequers_serial_rivers_large_b
D:4:      minmay_evil_eye, layout_loops_cross, kiku_gazebo_garden_becter,
          minmay_misc_feat_plants, grunt_ministairs_7
D:5:      layout_basic, mainiacjoe_overflow_six_doors_small, temple_pool_b
D:6:      layout_cave_pools, uniq_edmund
D:7:      layout_loops_ring, mainiacjoe_overflow_concentric_impassable,
          nemelex_diamond_rough_becter, lemuel_coloured_pillars_altar
D:8:      layout_layer_cave, gammafunk_ghost_grave, uniq_grum
D:9:      layout_loops_ring, tgw_sif, uniq_psyche
D:10:     minmay_the_grid_four_pointed_star
          [minmay_the_grid_triangle_9x9_intruding_spiral,
          minmay_the_grid_triangle_9x9_windchime,
          minmay_the_grid_triangle_9x9_swiss_cheese,
          minmay_the_grid_triangle_9x9_sparse_checkered,
          minmay_the_grid_prize_diamond_cup], layout_irregular_city,
          nicolae_titane
D:11:     gammafunk_sealed_arena, layout_basic, due_lair_maze_entry_diamond,
          minmay_misc_feat_diagonals, okawaru_ov_weapons_minmay, uniq_lodul
D:12:     layout_rooms, erik_orc_4, serial_shops,
          nicolae_shop_bloodbath_and_beyond, minmay_shop_chei, pond,
          uniq_nergalle, uniq_snorg, uniq_josephine
D:13:     layout_long_grid, nicolae_trove_entry_diagonal, nicolae_doodle_vault
D:14:     layout_roguey, grunt_vaults_entry_fortified, minmay_misc_feat_five,
          gammafunk_ghost_spectres, serial_shops, nicolae_shop_gibbet_a_chance
D:15:     hangedman_depths_entry_civil_slaughter, layout_cave_pods,
          serial_demonic, serial_demonic_g, serial_demonic_d, serial_demonic_f,
          serial_demonic_f, serial_demonic_e, minmay_misc_feat_cross,
          serial_shops, bzr_entry_islet
Temple:   nicolae_temple_elliptical
Lair:1:   layout_regular_city, gammafunk_ghost_arena
Lair:2:   layout_roguey, spider_nest_entry_a, gammafunk_ghost_split
Lair:3:   layout_loops_ring, skrybe_swamp_entry_bodies,
          nicolae_volcano_entry_lava_flow, serial_bayou_shore_b,
          lemuel_fruit_fields
Lair:4:   layout_roguey, slime_entry_2, gauntlet_entry_generic,
          grunt_megastairs_5, infiniplex_staircase_pool
Lair:5:   hellmonk_lair_end_abyssal_woods, layout_regular_city
Swamp:1:  nicolae_swamp_ascending_descending, layout_basic_swamp,
          evilmike_swamp_ruin_house_5, swamp_pool1
Swamp:2:  layout_falls_marsh, serial_swamp_ruin, evilmike_swamp_ruin_wall,
          hangedman_swamp_ruin_wall, swamp_pool2
Swamp:3:  layout_basic_swamp, gammafunk_ghost_wrathful_warriors,
          nicolae_swamp_decorative_isthmus
Swamp:4:  grunt_swamp_rune_castle, layout_basic_swamp
Spider:1: layout_spider_delve, hangedman_spider_trapstep
Spider:2: layout_spider_delve, uniq_agnes, uniq_mlioglotl, uniq_arachne
Spider:3: layout_cave_pods, drop_trap
Spider:4: guppyfry_spider_rune
Orc:1:    layout_caves
Orc:2:    st_orc_rangers, layout_diamond_mine, serial_shops, shop,
          nicolae_orc_stony_grotto
Elf:1:    nicolae_elf_arrival_fired_up, layout_loops_cross, serial_shops,
          bzr_entry_safe, hangedman_elf_represent
Elf:2:    nicolae_elf_blades_splatter_lattice [mumra_blade_entry_bloodbath],
          layout_loops_cross, serial_shops, statue_bzr,
          ebering_ghost_rock_garden
Elf:3:    minmay_elf_hall_circle, layout_geoelf_castle, basic_altar,
          nicolae_elf_free_trip_to_the_abyss
Vaults:1: ontoclasm_vaults_eye, v_misc_3, vaults_mumra_hexcomb,
          grunt_vaults_trifunnel, v_misc_30, v_alt_pattern_5,
          nicolae_vaults_storage_room_glass, ontoclasm_vaults_loading_screen,
          vaults_dpeg_hooks, grunt_vaults_hallway_short,
          nicolae_vaults_diamond_1, nicolae_vaults_prndl,
          nicolae_vaults_little_squares_5, nicolae_vaults_two_Ls,
          nicolae_vaults_diamond_2, layout_vaults_omnibox
Vaults:2: vaults_room_fours, vaults_room_corners,
          nicolae_vaults_trapezoid_lopsided_4, nicolae_vaults_tetromino_L_2,
          dpeg_vaults_monster_row, nicolae_vaults_apartment_2,
          nicolae_vaults_surprise_closet, v_misc_9,
          minmay_crypt_entry_simple_round, nicolae_vaults_sesquioval_fish,
          vaults_dpeg_emergency_exit, layout_vaults_big_room, uniq_xtahua,
          uniq_asterion, uniq_margery
Vaults:3: dpeg_vaults_pockets_of_resistance,
          nicolae_vaults_taking_the_gang_shopping, vaults_dpeg_encased_lava,
          nicolae_vaults_closet_pinwheel_6, nicolae_vaults_little_squares_1,
          vaults_room_grid, nicolae_vaults_trapezoid_lopsided_3,
          nicolae_vaults_little_squares_5, nicolae_vaults_hexular_roomagon,
          nicolae_vaults_network_s, layout_vaults_maze, serial_shops,
          nicolae_shop_stone, uniq_saint_roka, uniq_sojobo
Vaults:4: st_smaller_cells, vaults_mumra_lcd, vaults_room_large_hall,
          nicolae_vaults_heist, vaults_mumra_minichess,
          grunt_vaults_hallway_long, hangedman_vaults_corner_blocks,
          nicolae_vaults_wine_cellar, v_alt_pattern_2,
          nicolae_vaults_double_plus_2, nicolae_vaults_tangram_1,
          nicolae_vaults_surprise_closet, layout_vaults_omnigrid
Vaults:5: uniq_mara
Depths:1: layout_basic, grunt_hell_entry_dis_mu, serial_shops,
          nicolae_shop_peninsula, minmay_misc_feat_alley,
          nicolae_ru_path_of_blood
Depths:2: evilmike_lava_path, layout_basic, abyss_entry, hell_entry,
          rand_demon_pan_entry_4, grunt_megastairs_3, minmay_staircase_statues
Depths:3: nzn_winding_woodlands_medium [nzn_winding_woodlands_5x5_open_star,
          nzn_winding_woodlands_5x15_concentric,
          nzn_winding_woodlands_hourglass, nzn_winding_woodlands_5x5_three,
          nzn_winding_woodlands_center_pierced_h,
          nzn_winding_woodlands_5x5_default,
          nzn_winding_woodlands_5x5_closed_star,
          nzn_winding_woodlands_5x15_pool, nzn_winding_woodlands_5x5_cross],
          layout_long_grid, enter_ziggurat_c, grunt_mini_vestibule,
          abyss_entry_flame_altar, serial_bayou_shore_a, uniq_mennas
Depths:4: lemuel_castle_with_subvaults [lemuel_castle_interior_carwin_2],
          layout_basic, abyss_entry_glasseish, hellmouth_1,
          rand_demon_pan_entry_3, minmay_stone_trees_medium

Skill      XL: |  1  2  3  4  5  6  7  8  9 10 11 12 13 14 15 16 17 18 19 20 21 22 23 24 25 |
---------------+----------------------------------------------------------------------------+-----
Maces & Flails | 3 4 5 7 9 10 12 14 16 | 16.0
Armour         | 2 4 5 7 8 10 11 13 14 15 16 18 19 20 21 22 | 22.0
Shields        | 1 2 4 5 7 8 10 11 12 13 14 16 17 19 20 22 | 22.0
Invocations    | 4 5 9 10 11 15 | 15.0
Fighting       | 5 6 7 9 10 12 13 14 15 16 18 19 20 21 22 23 | 23.1
Throwing       | 3 5 7 9 |  9.4
Dodging        | 3 7 9 14 15 | 15.0
Stealth        | |  5.4

Action                     |  1- 3 |  4- 6 |  7- 9 | 10-12 | 13-15 | 16-18 | 19-21 | 22-24 | 25-27 || total
---------------------------+-------+-------+-------+-------+-------+-------+-------+-------+-------++-------
  Melee: Mace              |    56 |   343 |   127 |       |       |       |       |       |       ||   526
         Flail             |       |       |   312 |   254 |       |       |       |       |       ||   566
         Demon whip        |       |       |       |   551 |  1826 |   556 |    28 |   127 |    69 ||  3157
         War axe           |       |       |       |       |    18 |    39 |    19 |       |       ||    76
         Morningstar       |       |       |       |       |       |   327 |       |       |       ||   327
         Eveningstar       |       |       |       |       |       |   632 |  1619 |  2041 |   359 ||  4651
  Throw: Dart              |       |       |       |    11 |       |    36 |       |       |       ||    47
         Javelin           |       |       |       |       |     4 |     1 |       |       |       ||     5
 Invoke: Heroism           |       |     1 |     3 |     4 |     7 |     4 |    11 |    12 |     1 ||    43
         Finesse           |       |       |       |       |       |       |     1 |       |       ||     1
  Evoke: Wand              |       |     5 |       |     8 |     2 |     1 |     1 |     1 |       ||    18
         Lightning rod     |       |       |       |       |       |       |       |     4 |       ||     4
    Use: Potion            |     1 |     1 |     8 |     4 |     3 |     2 |       |     1 |     1 ||    21
         Scroll            |       |       |     9 |     6 |    10 |     9 |     8 |     9 |     4 ||    55
   Stab: Sleeping          |     4 |     2 |       |       |     5 |    19 |     1 |     2 |     1 ||    34
         Paralysed         |       |       |       |     2 |       |       |       |       |       ||     2
         Invisible         |       |       |       |       |     3 |     2 |       |       |       ||     5
         Distracted        |       |       |       |       |       |     2 |       |       |       ||     2
 Armour: Leather armour    |    20 |     5 |       |       |       |       |       |       |       ||    25
         Chain mail        |       |   199 |   294 |   417 |   544 |   646 |       |       |       ||  2100
         Plate armour      |       |       |       |       |       |   108 |   947 |  1020 |   118 ||  2193
  Dodge: Dodged            |    44 |   114 |   164 |   174 |   246 |   350 |   405 |   562 |    67 ||  2126
         Repelled          |       |       |       |       |     3 |     8 |     5 |       |       ||    16
  Block: Buckler           |     9 |    57 |   100 |    76 |       |       |       |       |       ||   242
         Tower shield      |       |       |       |   374 |  1601 |  1747 |  2213 |  2882 |   321 ||  9138

Table legend: (Time is in decaauts)
 A = Elapsed time spent in this place.
 B = Non-inter-level travel time spent in this place.
 C = Inter-level travel time spent in this place.
 D = Time resting spent in this place.
 E = Time spent auto-exploring this place.
 F = Levels seen in this place.
 G = Mean time per level.
                   A        B        C        D        E       F      G
               +--------+--------+--------+--------+--------+-----+--------+
         Total |  48010 |  44618 |   3392 |   1959 |  29160 |  49 |  979.8 |
       Dungeon |  17543 |  16072 |   1471 |   1102 |  10692 |  15 | 1169.5 |
        Temple |     42 |      2 |     40 |      0 |      0 |   1 |   42.0 |
          Lair |   5376 |   4789 |    587 |    183 |   3302 |   5 | 1075.2 |
         Swamp |   2588 |   2420 |    168 |      0 |   1717 |   4 |  647.0 |
   Spider Nest |   4446 |   4112 |    334 |     43 |   2842 |   4 | 1111.5 |
  Orcish Mines |   1878 |   1709 |    169 |    257 |    835 |   2 |  939.0 |
   Elven Halls |   1870 |   1772 |     98 |      9 |   1219 |   3 |  623.3 |
        Vaults |   7621 |   7252 |    369 |    337 |   4489 |   5 | 1524.2 |
        Depths |   5225 |   5072 |    153 |      0 |   3179 |   4 | 1306.2 |
         Abyss |     55 |     55 |      0 |      0 |     48 |   1 |   55.0 |
        Bazaar |    305 |    305 |      0 |      0 |    210 |   3 |  101.7 |
       Volcano |    665 |    665 |      0 |      0 |    454 |   1 |  665.0 |
      Gauntlet |    391 |    391 |      0 |     27 |    173 |   1 |  391.0 |
               +--------+--------+--------+--------+--------+-----+--------+

Top non-repeatable levels by time:
Vaults:4: 1946 daAuts
Vaults:5: 1792 daAuts
    D:11: 1764 daAuts
Depths:4: 1667 daAuts
     D:8: 1655 daAuts
Vaults:3: 1479 daAuts
     D:5: 1444 daAuts
   Orc:2: 1441 daAuts
Spider:4: 1437 daAuts
Depths:2: 1344 daAuts
    D:10: 1334 daAuts
Vaults:2: 1317 daAuts
  Lair:5: 1311 daAuts
     D:4: 1309 daAuts
Depths:3: 1300 daAuts
